TOP OF THE 1ST |
Allentown Hillbillies batting - Pitching for Wisconsin Timber Rattlers : RHP Guy Hebert
|
Pitching: RHP Guy Hebert
|
|
Batting: RHB Dan Banks
|
0-0: Foul Ball, location: 2F 0-1: Swinging Strike 0-2: Foul Ball, location: 2F 0-2: Ball 1-2: Foul Ball, location: 2F 1-2: SINGLE (Groundball, 56D)
|
Batting: RHB Justin Harris
|
0-0: Ball 1-0: Ball 2-0: Called Strike 2-1: Called Strike 2-2: Ball 3-2: Base on Balls Dan Banks to second
|
Batting: RHB Diego Rivera
|
0-0: Ball 1-0: Ball 2-0: Swinging Strike 2-1: Ball 3-1: Foul Ball, location: 2F 3-2: Foul Ball, location: 2F 3-2: Base on Balls Dan Banks to third Justin Harris to second
|
Batting: LHB Marcos Vargas
|
0-0: Called Strike 0-1: Ball 1-1: Ball 2-1: Swinging Strike 2-2: Strikes out swinging
|
Batting: RHB Germano Labrego
|
0-0: Ball Wild Pitch! Dan Banks scores Justin Harris to third Diego Rivera to second 1-0: Foul Ball, location: 2F 1-1: Ball 2-1: Ball 3-1: Called Strike 3-2: Strikes out swinging
|
Batting: RHB Bartolo López
|
0-0: Ball 1-0: Ball 2-0: Called Strike 2-1: Ball 3-1: Base on Balls
|
Batting: RHB Albert Lutz
|
0-0: Ball 1-0: Ball 2-0: Called Strike 2-1: Ball 3-1: Called Strike 3-2: Strikes out swinging
|
Top of the 1st over - 1 run(s), 1 hit(s), 0 error(s), 3 left on base; Allentown 1 - Wisconsin 0 |
BOTTOM OF THE 1ST |
Wisconsin Timber Rattlers batting - Pitching for Allentown Hillbillies : RHP Okura Oike
|
Pitching: RHP Okura Oike
|
|
Batting: RHB Dick Slagboom
|
0-0: Ball 1-0: Ball 2-0: Ball 3-0: Called Strike 3-1: Swinging Strike 3-2: Base on Balls
|
Batting: RHB Hunter Plunket
|
0-0: DOUBLE (Flyball, 8LXD) Dick Slagboom to third
|
Batting: RHB Shawn Marshall
|
0-0: Called Strike 0-1: Ball 1-1: Foul Ball, location: 2F 1-2: DOUBLE (Line Drive, 78D) Dick Slagboom scores Hunter Plunket scores
|
Batting: RHB Enrico Ramos
|
0-0: Ground out 1-3 (Groundball, P) Shawn Marshall to third
|
Batting: SHB Dave Henley
|
0-0: Ball 1-0: Called Strike 1-1: Foul Ball, location: 2F 1-2: Ball 2-2: Ball 3-2: SINGLE (Line Drive, 4MD) Shawn Marshall scores
|
Batting: RHB John Denton
|
0-0: Ball 1-0: Called Strike 1-1: Called Strike Dave Henley is caught stealing 2nd base 1-2: SOLO HOME RUN (Flyball, 7D), Distance : 384 ft
|
Batting: LHB Alex Henderson
|
0-0: Foul Ball, location: 2F 0-1: Ball 1-1: Foul Ball, location: 2F 1-2: Foul Ball, location: 2F 1-2: Ball 2-2: SINGLE (Groundball, 34D)
|
Batting: RHB Pablo Gonzáles
|
0-0: Called Strike 0-1: Ball 1-1: Ball 2-1: Foul Ball, location: 2F 2-2: Ball 3-2: Fly out, F2 (Popup, 15)
|
Bottom of the 1st over - 4 run(s), 5 hit(s), 0 error(s), 1 left on base; Allentown 1 - Wisconsin 4 |
TOP OF THE 2ND |
Allentown Hillbillies batting - Pitching for Wisconsin Timber Rattlers : RHP Guy Hebert
|
Batting: RHB Donald Sanford
|
0-0: Called Strike 0-1: Fly out, F7 (Line Drive, 7D)
|
Batting: RHB Joel Jackson
|
0-0: Foul Ball, location: 2F 0-1: SINGLE (Groundball, 56S) (infield hit)
|
Batting: RHB Dan Banks
|
0-0: Ball 1-0: Fly out, F7 (Flyball, 7)
|
Batting: RHB Justin Harris
|
0-0: Called Strike 0-1: Fly out, F7 (Line Drive, 7D)
|
Top of the 2nd over - 0 run(s), 1 hit(s), 0 error(s), 1 left on base; Allentown 1 - Wisconsin 4 |
BOTTOM OF THE 2ND |
Wisconsin Timber Rattlers batting - Pitching for Allentown Hillbillies : RHP Okura Oike
|
Batting: RHB Greg King
|
0-0: Ball 1-0: Ball 2-0: SINGLE (Line Drive, 78S)
|
Pitching: LHP Alberto Maldonado
|
|
Batting: RHB Dick Slagboom
|
0-0: Called Strike 0-1: Ball 1-1: Ball 2-1: Called Strike 2-2: Ball 3-2: Fly out, F9 (Flyball, 9)
|
Batting: RHB Hunter Plunket
|
0-0: Ball 1-0: Called Strike 1-1: Ball 2-1: Foul Ball, location: 2F 2-2: Hit by Pitch Greg King to second
|
Batting: RHB Shawn Marshall
|
0-0: Ball Greg King is caught stealing 3rd base Hunter Plunket to second 1-0: Ball 2-0: Swinging Strike 2-1: Foul Ball, location: 2F 2-2: Foul Ball, location: 2F 2-2: Foul Ball, location: 2F 2-2: Foul Ball, location: 2F 2-2: Ball 3-2: Base on Balls
|
Pitching: RHP Pepe Fernández
|
|
Batting: RHB Enrico Ramos
|
0-0: Foul Ball, location: 2F 0-1: Ball 1-1: Swinging Strike 1-2: Ball 2-2: Foul Ball, location: 2F 2-2: Ball 3-2: Strikes out swinging
|
Bottom of the 2nd over - 0 run(s), 1 hit(s), 0 error(s), 2 left on base; Allentown 1 - Wisconsin 4 |
TOP OF THE 3RD |
Allentown Hillbillies batting - Pitching for Wisconsin Timber Rattlers : RHP Guy Hebert
|
Batting: RHB Diego Rivera
|
0-0: Ball 1-0: Ball 2-0: Called Strike 2-1: Ball 3-1: Foul Ball, location: 2F 3-2: Base on Balls
|
Batting: LHB Marcos Vargas
|
0-0: Ball 1-0: Called Strike 1-1: SINGLE (Line Drive, 9LS) Diego Rivera to second Runner from 2nd tries for 3rd, OUT!
|
Batting: RHB Germano Labrego
|
0-0: Ball 1-0: Swinging Strike 1-1: Ball 2-1: Swinging Strike 2-2: Ball 3-2: Base on Balls Marcos Vargas to second
|
Batting: RHB Bartolo López
|
0-0: Called Strike 0-1: Ground out 4-3 (Groundball, 4S) Marcos Vargas to third Germano Labrego to second
|
Batting: RHB Albert Lutz
|
0-0: Ball 1-0: Ball 2-0: Ball 3-0: Base on Balls
|
Batting: RHB Donald Sanford
|
0-0: Ball 1-0: Called Strike 1-1: Ball 2-1: Foul Ball, location: 2F 2-2: Fly out, F6 (Popup, 6D)
|
Top of the 3rd over - 0 run(s), 1 hit(s), 0 error(s), 3 left on base; Allentown 1 - Wisconsin 4 |
BOTTOM OF THE 3RD |
Wisconsin Timber Rattlers batting - Pitching for Allentown Hillbillies : RHP Pepe Fernández
|
Batting: SHB Dave Henley
|
0-0: Ground out U3 (Groundball, 34)
|
Batting: RHB John Denton
|
0-0: Ball 1-0: Foul Ball, location: 2F 1-1: Swinging Strike 1-2: Ball 2-2: Foul Ball, location: 2F 2-2: Foul Ball, location: 2F 2-2: Ball 3-2: Base on Balls
|
Batting: LHB Alex Henderson
|
0-0: Grounds into double play, 4-6-3 (Groundball, 4)
|
Bottom of the 3rd over - 0 run(s), 0 hit(s), 0 error(s), 0 left on base; Allentown 1 - Wisconsin 4 |
TOP OF THE 4TH |
Allentown Hillbillies batting - Pitching for Wisconsin Timber Rattlers : RHP Guy Hebert
|
Batting: RHB Joel Jackson
|
0-0: Called Strike 0-1: Foul Ball, location: 2F 0-2: Ball 1-2: Foul Ball, location: 2F 1-2: Foul Ball, location: 2F 1-2: Ball 2-2: SINGLE (Flyball, 7LS) - OUT at second base trying to stretch hit.
|
Batting: RHB Dan Banks
|
0-0: Called Strike 0-1: Ball 1-1: Foul Ball, location: 2F 1-2: Foul Ball, location: 2F 1-2: Foul Ball, location: 2F 1-2: Ball 2-2: Ground out 3-1 (Groundball, 34)
|
Batting: RHB Justin Harris
|
0-0: Ball 1-0: Foul Ball, location: 2F 1-1: Ground out 6-3 (Groundball, 6S)
|
Top of the 4th over - 0 run(s), 1 hit(s), 0 error(s), 0 left on base; Allentown 1 - Wisconsin 4 |
BOTTOM OF THE 4TH |
Wisconsin Timber Rattlers batting - Pitching for Allentown Hillbillies : RHP Pepe Fernández
|
Pitching: LHP Nick Merrit
|
|
Batting: RHB Pablo Gonzáles
|
0-0: Swinging Strike 0-1: Swinging Strike 0-2: Foul Ball, location: 2F 0-2: Foul Ball, location: 2F 0-2: Ball 1-2: Fly out, F5 (Popup, 56)
|
Batting: RHB Greg King
|
0-0: Swinging Strike 0-1: Fly out, F7 (Flyball, 78D)
|
Batting: RHB Dick Slagboom
|
0-0: Swinging Strike 0-1: Ball 1-1: Foul Ball, location: 2F 1-2: Ground out 4-3 (Groundball, 4)
|
Bottom of the 4th over - 0 run(s), 0 hit(s), 0 error(s), 0 left on base; Allentown 1 - Wisconsin 4 |
TOP OF THE 5TH |
Allentown Hillbillies batting - Pitching for Wisconsin Timber Rattlers : RHP Guy Hebert
|
Batting: RHB Diego Rivera
|
0-0: Called Strike 0-1: Called Strike 0-2: Fly out, F9 (Line Drive, 9)
|
Batting: LHB Marcos Vargas
|
0-0: Ball 1-0: Called Strike 1-1: Ball 2-1: Swinging Strike 2-2: Foul Ball, location: 2F 2-2: Foul Ball, location: 2F 2-2: Foul Ball, location: 2F 2-2: Ball 3-2: Fly out, F7 (Flyball, 7LS)
|
Batting: RHB Germano Labrego
|
0-0: Called Strike 0-1: Ball 1-1: Called Strike 1-2: Ball 2-2: Ball 3-2: Base on Balls
|
Pitching: LHP Dave Carbone
|
|
Batting: RHB Bartolo López
|
0-0: SINGLE (Line Drive, 89S) Germano Labrego to second
|
Batting: RHB Albert Lutz
|
0-0: Ball 1-0: Ball 2-0: Fly out, F9 (Flyball, 9LM)
|
Top of the 5th over - 0 run(s), 1 hit(s), 0 error(s), 2 left on base; Allentown 1 - Wisconsin 4 |
BOTTOM OF THE 5TH |
Wisconsin Timber Rattlers batting - Pitching for Allentown Hillbillies : LHP Nick Merrit
|
Batting: RHB Hunter Plunket
|
0-0: Ball 1-0: Called Strike 1-1: Swinging Strike 1-2: Foul Ball, location: 2F 1-2: Ball 2-2: Strikes out swinging
|
Pitching: LHP Emílio Trevino
|
|
Batting: RHB Shawn Marshall
|
0-0: Swinging Strike 0-1: Ball 1-1: Ball 2-1: Ball 3-1: Base on Balls
|
Batting: RHB Enrico Ramos
|
0-0: Ball Wild Pitch! Shawn Marshall to second 1-0: Swinging Strike 1-1: Swinging Strike 1-2: Fly out, F9 (Flyball, 9)
|
Batting: SHB Dave Henley
|
0-0: Called Strike 0-1: Called Strike 0-2: SINGLE (Groundball, 4MD) Shawn Marshall to third Runner from 3rd tries for Home, SAFE, no throw
|
Batting: RHB John Denton
|
0-0: Called Strike 0-1: Ball 1-1: Fly out, F9 (Flyball, 89D)
|
Bottom of the 5th over - 1 run(s), 1 hit(s), 0 error(s), 1 left on base; Allentown 1 - Wisconsin 5 |
TOP OF THE 6TH |
Allentown Hillbillies batting - Pitching for Wisconsin Timber Rattlers : LHP Dave Carbone
|
Batting: RHB Donald Sanford
|
0-0: Called Strike 0-1: Ball 1-1: SOLO HOME RUN (Flyball, 78XD), Distance : 400 ft
|
Batting: RHB Joel Jackson
|
0-0: Ball 1-0: Foul Ball, location: 2F 1-1: Foul Ball, location: 2F 1-2: Ball 2-2: Ball 3-2: Base on Balls
|
Batting: RHB Dan Banks
|
0-0: Ball 1-0: Ball 2-0: Fielders Choice at 2nd, 6-4 (Groundball, 6)
|
Batting: RHB Justin Harris
|
0-0: Called Strike 0-1: Ball 1-1: Grounds into double play, 1-6-3 (Groundball, P)
|
Top of the 6th over - 1 run(s), 1 hit(s), 0 error(s), 0 left on base; Allentown 2 - Wisconsin 5 |
BOTTOM OF THE 6TH |
Wisconsin Timber Rattlers batting - Pitching for Allentown Hillbillies : LHP Emílio Trevino
|
Batting: LHB Alex Henderson
|
0-0: Ball 1-0: Ball 2-0: Ball 3-0: Base on Balls
|
Pitching: RHP Dale Downs
|
|
Batting: RHB Pablo Gonzáles
|
0-0: SINGLE (Flyball, 8RS) Alex Henderson to second
|
Batting: RHB Greg King
|
0-0: Swinging Strike 0-1: Ball 1-1: Ball 2-1: Foul Ball, location: 2F 2-2: Fly out, F7 (Flyball, 78S)
|
Pitching: LHP Alejandro Castillo
|
|
Batting: RHB Dick Slagboom
|
0-0: Ball 1-0: Called Strike 1-1: Ball 2-1: Ball 3-1: Base on Balls Alex Henderson to third Pablo Gonzáles to second
|
Batting: RHB Hunter Plunket
|
0-0: Called Strike 0-1: Foul Ball, location: 2F 0-2: SINGLE (Groundball, 6D) Alex Henderson scores Pablo Gonzáles to third Dick Slagboom to second Runner from 3rd tries for Home, SAFE, throw made home Dick Slagboom to third Hunter Plunket to second
|
Batting: RHB Shawn Marshall
|
0-0: Foul Ball, location: 2F 0-1: Called Strike 0-2: Foul Ball, location: 2F 0-2: Ball Wild Pitch! Dick Slagboom scores Hunter Plunket to third 1-2: Ball 2-2: Strikes out swinging
|
Batting: RHB Enrico Ramos
|
0-0: Ball 1-0: Ball 2-0: Foul Ball, location: 2F 2-1: Called Strike 2-2: Ball 3-2: SINGLE (Groundball, 34D) Hunter Plunket scores
|
Batting: SHB Dave Henley
|
0-0: Ball 1-0: SINGLE (Line Drive, 8LS) Enrico Ramos to second Runner from 2nd tries for 3rd, SAFE, no throw
|
Batting: RHB John Denton
|
0-0: Ball 1-0: Swinging Strike 1-1: Ball 2-1: Called Strike 2-2: Foul Ball, location: 2F 2-2: Foul Ball, location: 2F 2-2: Ball 3-2: Strikes out looking
|
Bottom of the 6th over - 4 run(s), 4 hit(s), 0 error(s), 2 left on base; Allentown 2 - Wisconsin 9 |
TOP OF THE 7TH |
Allentown Hillbillies batting - Pitching for Wisconsin Timber Rattlers : LHP Dave Carbone
|
Batting: RHB Diego Rivera
|
0-0: Called Strike 0-1: SINGLE (Groundball, 56) (infield hit)
|
Batting: LHB Marcos Vargas
|
0-0: Ball 1-0: Called Strike 1-1: Ball 2-1: Ball 3-1: Foul Ball, location: 2F 3-2: Grounds into double play, 3-6-3 (Groundball, 34)
|
Batting: RHB Germano Labrego
|
0-0: Ball 1-0: SINGLE (Groundball, 56D)
|
Batting: RHB Bartolo López
|
0-0: SINGLE (Groundball, 34D) Germano Labrego to second Runner from 2nd tries for 3rd, SAFE, throw made to third
|
Batting: RHB Albert Lutz
|
0-0: Called Strike 0-1: Foul Ball, location: 2F 0-2: Strikes out swinging
|
Top of the 7th over - 0 run(s), 3 hit(s), 0 error(s), 2 left on base; Allentown 2 - Wisconsin 9 |
BOTTOM OF THE 7TH |
Wisconsin Timber Rattlers batting - Pitching for Allentown Hillbillies : LHP Alejandro Castillo
|
Batting: LHB Alex Henderson
|
0-0: Fly out, F9 (Flyball, 89S)
|
Batting: RHB Pablo Gonzáles
|
0-0: Ball 1-0: Ball 2-0: Foul Ball, location: 2F 2-1: Ball 3-1: SINGLE (Groundball, 4MD)
|
Batting: RHB Greg King
|
0-0: Ball 1-0: Foul Ball, location: 2F 1-1: Swinging Strike 1-2: Ball 2-2: SINGLE (Line Drive, 5) Pablo Gonzáles to second
|
Batting: RHB Dick Slagboom
|
0-0: Ball 1-0: Swinging Strike 1-1: Ball 2-1: Foul Ball, location: 2F 2-2: Foul Ball, location: 2F 2-2: Ball 3-2: Base on Balls Pablo Gonzáles to third Greg King to second
|
Batting: RHB Hunter Plunket
|
0-0: Swinging Strike 0-1: Grounds into double play, 5-4-3 (Groundball, 56)
|
Bottom of the 7th over - 0 run(s), 2 hit(s), 0 error(s), 2 left on base; Allentown 2 - Wisconsin 9 |
TOP OF THE 8TH |
Allentown Hillbillies batting - Pitching for Wisconsin Timber Rattlers : LHP Dave Carbone
|
Batting: RHB Donald Sanford
|
0-0: Ball 1-0: Ball 2-0: Ball 3-0: Base on Balls
|
Batting: RHB Joel Jackson
|
0-0: Ball 1-0: Ball 2-0: Swinging Strike 2-1: Foul Ball, location: 2F 2-2: Strikes out looking
|
Batting: RHB Dan Banks
|
0-0: Swinging Strike 0-1: Ball 1-1: Ball 2-1: Ground out 5-3 (Groundball, 56S) Donald Sanford to second
|
Batting: RHB Justin Harris
|
0-0: Foul Ball, location: 2F 0-1: Swinging Strike 0-2: Strikes out swinging
|
Top of the 8th over - 0 run(s), 0 hit(s), 0 error(s), 1 left on base; Allentown 2 - Wisconsin 9 |
BOTTOM OF THE 8TH |
Wisconsin Timber Rattlers batting - Pitching for Allentown Hillbillies : LHP Alejandro Castillo
|
Batting: RHB Shawn Marshall
|
0-0: Ground out 4-3 (Groundball, 4)
|
Batting: RHB Enrico Ramos
|
0-0: Called Strike 0-1: Foul Ball, location: 2F 0-2: Ball 1-2: SINGLE (Groundball, 6MD)
|
Batting: SHB Dave Henley
|
Pickoff Throw to First - Out! 0-0: Ball 1-0: Ball 2-0: Ball 3-0: Called Strike 3-1: Foul Ball, location: 2F 3-2: Foul Ball, location: 2F 3-2: Foul Ball, location: 2F 3-2: Foul Ball, location: 2F 3-2: SINGLE (Groundball, 23) (infield hit)
|
Pitching: RHP Toshinobu Tanaka
|
|
Batting: RHB John Denton
|
0-0: Ball 1-0: Swinging Strike 1-1: Fielders Choice at 2nd, 6-4 (Groundball, 6)
|
Bottom of the 8th over - 0 run(s), 2 hit(s), 0 error(s), 0 left on base; Allentown 2 - Wisconsin 9 |
TOP OF THE 9TH |
Allentown Hillbillies batting - Pitching for Wisconsin Timber Rattlers : LHP Dave Carbone
|
Batting: RHB Diego Rivera
|
0-0: Called Strike 0-1: Ball 1-1: Ball 2-1: Ball 3-1: Foul Ball, location: 2F 3-2: Base on Balls
|
Pitching: RHP Tom McConnell
|
|
Batting: LHB Marcos Vargas
|
0-0: Called Strike 0-1: Swinging Strike 0-2: Ball 1-2: Hit by Pitch Diego Rivera to second
|
Batting: RHB Germano Labrego
|
0-0: Called Strike 0-1: Swinging Strike 0-2: Ball 1-2: 3-RUN HOME RUN (Flyball, 78XD), Distance : 394 ft
|
Batting: RHB Bartolo López
|
0-0: Ball 1-0: Fly out, F9 (Line Drive, 9)
|
Batting: RHB Albert Lutz
|
0-0: Swinging Strike 0-1: Ground out 4-3 (Groundball, 4)
|
Batting: RHB Donald Sanford
|
0-0: Ball 1-0: Swinging Strike 1-1: Swinging Strike 1-2: Ball 2-2: Strikes out swinging
|
Top of the 9th over - 3 run(s), 1 hit(s), 0 error(s), 0 left on base; Allentown 5 - Wisconsin 9 |
|